AoeStats
← Pizzaboy

Nomad

510146415Analyzed
2v2 RM · 3d ago on Sep 29, 2026· 68m 50s· 4 players
Game mode
Random Map
Map size
176×176
Population
200
Speed
Normal
Resources
Standard
Victory
Conquest
Starting age
Dark Age
Ending age
Imperial Age
RankedLock teamsTeams togetherTeam positionsShared explorationLock speedFull tech treeHidden civsTurbo modeCheats
Victory
Defeat
🇫🇮 Teutons · Finland
1045
+15
🇫🇮 Cumans · Finland
933
+19
🇺🇸 Spanish · United States
1018
-17
🇦🇷 Turks · Argentina
1017
-17
Pizzaboy
5:57 Loom
14:19 Feudal Age
28:47 Fishing Lines
36:31 Castle Age
38:33 Pikeman
53:21 Horse Collar
54:42 Forging
54:38 Scale Barding Armor
55:18 Bloodlines
56:20 Light Cavalry
60:28 Iron Casting
62:40 Fletching
Likainen-Sonni
4:20 Loom
14:15 Feudal Age
19:28 Fletching
26:12 Castle Age
27:56 Pikeman
29:34 Squires
29:33 Bodkin Arrow
29:39 Scale Mail Armor
36:24 Ironclad
37:43 Wheelbarrow
36:54 Town Watch
38:04 Padded Archer Armor
39:23 Leather Archer Armor
40:25 Ballistics
41:33 Chain Mail Armor
47:00 Imperial Age
45:20 Horse Collar
48:47 Chemistry
48:49 Double-Bit Axe
49:12 Gold Mining
49:13 Stone Mining
51:56 Crenellations
58:24 Halberdier
60:01 Plate Mail Armor
Giorda5929
4:07 Loom
13:26 Feudal Age
14:05 Double-Bit Axe
19:22 Town Watch
20:13 Wheelbarrow
23:36 Castle Age
23:07 Stone Mining
26:32 Castle Age
25:27 Forging
25:09 Fletching
25:03 Horse Collar
31:17 Bow Saw
35:16 Padded Archer Armor
35:24 Gold Mining
36:57 Hand Cart
36:42 Town Patrol
38:02 Heavy Plow
39:21 Bloodlines
39:13 Husbandry
53:22 Imperial Age
51:49 Town Patrol
53:51 Cavalier
55:14 Conscription
57:55 Stone Shaft Mining
59:22 Sappers
65:16 Supremacy
67:19 Light Cavalry
69:16 Iron Casting
TheByst12
11:18 Loom
14:12 Feudal Age
16:33 Double-Bit Axe
23:39 Castle Age
28:36 Gold Mining
31:00 Stone Mining
32:35 Husbandry
41:26 Horse Collar
43:16 Wheelbarrow
45:36 Heavy Plow
51:54 Imperial Age
50:57 Fletching
51:07 Padded Archer Armor
52:15 Gold Shaft Mining
52:18 Bodkin Arrow
52:38 Leather Archer Armor
56:38 Hand Cart
57:23 Ballistics
60:29 Bombard Tower
62:45 Heavy Camel Rider
Connection lost

Rejoining the realm…

Still unreachable

The connection could not be restored.

Session expired

The server has moved on; the page needs a fresh start.